AoeStats
← 小草頂呱呱

Arena

510364352Analyzed
3v3 RM · 3d ago on Sep 30, 2026· 41m 55s· 6 players
Game mode
Random Map
Map size
Normal (6 player)
Population
200
Speed
Normal
Resources
Standard
Victory
Conquest
Starting age
Dark Age
Ending age
Imperial Age
RankedLock teamsTeams togetherTeam positionsShared explorationLock speedFull tech treeHidden civsTurbo modeCheats
Victory
Defeat
🇹🇼 Burmese · Taiwan
910
+12
🇲🇹 Khmer · Malta
901
+12
🇹🇼 Mongols · Taiwan
812
+14
🇸🇦 Turks · Saudi Arabia
816
-13
🇺🇸 Romans · United States
810
-13
🇸🇦 Saxons · Saudi Arabia
795
-12
隆隆
10:19 Feudal Age
15:39 Castle Age
14:03 Gold Mining
14:00 Horse Collar
20:42 Wheelbarrow
21:57 Fletching
22:09 Padded Archer Armor
22:19 Scale Barding Armor
23:28 Heavy Plow
24:07 Caravan
24:49 Gold Shaft Mining
24:04 Stone Mining
26:25 Hand Cart
26:06 Loom
28:43 Redemption
31:26 Imperial Age
30:43 Caravan
31:08 Bodkin Arrow
31:34 Chain Barding Armor
31:24 Forging
31:17 Husbandry
31:27 Bloodlines
34:38 Howdah
35:00 Conscription
35:21 Iron Casting
35:22 Plate Barding Armor
35:48 Ballistics
36:28 Chemistry
35:12 Treadmill Crane
36:07 Crop Rotation
36:29 Elite Battle Elephant
38:12 Blast Furnace
小草頂呱呱
10:31 Feudal Age
15:09 Castle Age
13:48 Double-Bit Axe
17:17 Horse Collar
19:51 Gold Mining
25:14 Fletching
25:31 Scale Barding Armor
25:29 Loom
26:19 Wheelbarrow
27:54 Bodkin Arrow
28:42 Ballistics
30:03 Gold Shaft Mining
30:33 Thumb Ring
33:01 Imperial Age
34:28 Conscription
33:51 Elite Mangudai
35:03 Parthian Tactics
34:52 Heavy Plow
37:53 Husbandry
38:04 Bloodlines
39:08 Bracer
39:29 Chain Barding Armor
39:10 Padded Archer Armor
39:05 Stone Mining
41:00 Bow Saw
42:17 Chemistry
Dtox
10:34 Feudal Age
13:03 Double-Bit Axe
15:57 Castle Age
15:10 Loom
17:18 Wheelbarrow
16:32 Town Watch
19:11 Bow Saw
19:03 Horse Collar
20:36 Stone Mining
21:19 Gold Mining
21:55 Heavy Plow
23:16 Hand Cart
24:08 Stone Shaft Mining
24:08 Fervor
28:38 Scale Barding Armor
29:12 Fortified Wall
29:24 Ballistics
29:44 Fletching
29:58 Padded Archer Armor
30:33 Tusk Swords
35:00 Imperial Age
35:47 Double Crossbow
39:31 Elite Ballista Elephant
41:20 Chain Barding Armor
41:15 Leather Archer Armor
40:56 Bodkin Arrow
41:12 Forging
TartarRush
7:15 Loom
10:06 Feudal Age
11:35 Double-Bit Axe
16:41 Castle Age
14:37 Horse Collar
15:35 Gold Mining
18:04 Heavy Plow
18:52 Scale Mail Armor
24:30 Chain Mail Armor
24:26 Forging
25:28 Squires
26:08 Bow Saw
26:41 Gold Shaft Mining
31:13 Imperial Age
30:12 Iron Casting
29:46 Pikeman
32:56 Conscription
31:58 Shield Wall
33:30 Halberdier
36:26 Plate Mail Armor
35:47 Fletching
39:02 Bodkin Arrow
PENAROZAx
9:53 Loom
12:15 Feudal Age
13:59 Double-Bit Axe
14:01 Horse Collar
17:57 Castle Age
19:40 Bow Saw
25:02 Imperial Age
23:42 Fletching
23:54 Padded Archer Armor
24:33 Heavy Plow
28:08 Ballistics
27:58 Scale Barding Armor
31:16 Chain Barding Armor
31:07 Forging
31:50 Husbandry
32:01 Bloodlines
32:31 Wheelbarrow
35:24 Hand Cart
36:40 Fletching
SandSouth
10:48 Feudal Age
11:20 Double-Bit Axe
15:21 Gold Mining
18:18 Castle Age
17:59 Stone Mining
17:44 Man-at-Arms
19:32 Padded Archer Armor
19:23 Fletching
25:14 Long Swordsman
25:47 Elite Skirmisher
29:11 Loom
31:33 Long Swordsman
35:05 Bow Saw
36:10 Squires
36:20 Horse Collar
41:23 Imperial Age
41:32 Imperial Age
41:48 Imperial Age
40:18 Ballistas
41:33 Pikeman
Connection lost

Rejoining the realm…

Still unreachable

The connection could not be restored.

Session expired

The server has moved on; the page needs a fresh start.